 Dungeon Crawl Stone Soup version 0.25.1-1-g288607f (webtiles) character file.

Game seed: 5811957015935447578

1445 Mopster the Chopper (level 8, -2/71 HPs)
             Began as a Minotaur Berserker on Oct 14, 2020.
             Was a Priest of Trog.
             Killed by divine providence
             ... invoked by an orc priest
              (15 damage)
             ... on level 6 of the Dungeon.
             The game lasted 00:32:42 (5011 turns).

Mopster the Chopper (Minotaur Berserker)            Turns: 5011, Time: 00:32:43

Health: -2/71      AC: 15    Str: 24    XL:     8   Next: 46%
Magic:  7/7        EV: 24    Int:  4    God:    Trog [***...]
Gold:   219        SH:  0    Dex: 10    Spells: 7/7 levels left

rFire    . . .     SeeInvis .   I - +0 battleaxe
rCold    . . .     Gourm    .   (shield currently unavailable)
rNeg     . . .     Faith    .   H - +0 plate armour
rPois    .         Spirit   .   (helmet restricted)
rElec    .         Reflect  .   s - +0 cloak
rCorr    +         Harm     .   h - +0 pair of gloves
MR       .....                  (no boots)
Stlth    ..........             b - amulet of the acrobat
HPRegen  0.21/turn              n - ring of resist corrosion
MPRegen  0.10/turn              (no ring)

@: berserk cooldown, acrobat, slowed, very slow
A: retaliatory headbutt, horns 2
a: Berserk, Trog's Hand, Renounce Religion


You were on level 6 of the Dungeon.
You worshipped Trog.
Trog was most pleased with you.
You were very hungry.

You visited 1 branch of the dungeon, and saw 6 of its levels.

You collected 219 gold pieces.

Inventory:

Hand Weapons
 u - a +2 flail of protection
 y - a +0 hand axe of flaming
 z - a +0 hand axe
 I - a +0 battleaxe (weapon)
Armour
 h - a +0 pair of gloves (worn)
 s - a +0 cloak (worn)
 B - the cursed +0 scale mail of the Gusle {rElec rPois Stlth+}
   (You took it off an orc on level 3 of the Dungeon)

   It insulates you from electricity.
   It protects you from poison.
   It makes you more stealthy.
   It has a curse placed upon it.
 H - a +0 plate armour (worn)
Jewellery
 b - an amulet of the acrobat (around neck)
 n - a ring of resist corrosion (left hand)
 p - an uncursed ring of resist corrosion
 L - a +6 ring of intelligence {unknown}
Wands
 E - a wand of flame (13)
 G - a wand of random effects (15)
 J - a wand of digging (2)
 K - a wand of enslavement (5)
Scrolls
 k - 3 scrolls of enchant weapon
 l - a scroll of enchant armour
 m - 3 scrolls of fog
 q - 4 scrolls of teleportation
 w - 3 scrolls of remove curse {unknown}
 A - a scroll of fear {unknown}
 D - a scroll of magic mapping {unknown}
Potions
 a - 2 potions of might {unknown}
 d - a potion of magic
 e - a potion of lignification
 f - 2 potions of ambrosia
 g - 2 potions of stabbing
 i - 2 potions of haste {unknown}
 j - 3 potions of curing
 o - 2 potions of brilliance
 r - 3 potions of flight {unknown}
 v - 2 potions of resistance {unknown}
 x - 2 potions of mutation {unknown}
 C - a potion of degeneration {unknown}
 F - a potion of heal wounds {unknown}
Comestibles
 c - 13 rations


   Skills:
 * Level 6.9 Fighting
 + Level 7.8 Axes
 * Level 7.0 Armour
 * Level 5.3 Dodging
 + Level 0.8 Stealth


You had 7 spell levels left.
You didn't know any spells.
Your spell library was empty.

Dungeon Overview and Level Annotations

Branches:
Dungeon (6/15)             Temple (0/1) D:5

Altars:
Elyvilon
Hepliaklqana
Makhleb
Okawaru
Qazlal
Vehumet
Wu Jian
Xom
Zin
Beogh


Innate Abilities, Weirdness & Mutations

You reflexively headbutt those who attack you in melee.
You have a pair of horns on your head.


Message History

Okay, then.
The ogre closely misses you.
You feel less confused. The ogre completely misses you.
The orc wizard casts a spell.
The orc wizard flickers and vanishes!
The ogre misses you.
The orc priest invokes the aid of Beogh against you.
Pain shoots through your body!
* * * LOW HITPOINT WARNING * * *
The ogre barely misses you. You furiously retaliate!
You headbutt the ogre.
You hear some strange, mumbled words.
A puff of flame appears from out of thin air!
The puff of flame misses you.
A magic dart appears from out of thin air!
The magic dart hits you but does no damage.
The ogre hits you with a cursed -2 giant spiked club!
* * * LOW HITPOINT WARNING * * *
The orc priest mumbles some strange prayers to Beogh against you.
Beogh smites you!
You die...

#.# #.......# #.# #..#o{o...##.
..###.......####.## #..#.#...(...
..................###o.#...)..##.
..##############o..##.o...รท.#)#
..# #o#.##O#####.#.# #.# #
#.#O.#.# #.#.# #.##### . #O##.#.#
#.#o# #.....#.# #.##.o.# #.#.#
#.###.#.# #@###..# #.#.#
+...#...# #.# #..# #.#.#
#.......# #.# #..# #.#.#
#......## ... .... #.#
#.#.########.. .## ..### #.#
..............#. #...
##.....#####. .. ....
...........# .. .#......<#.#


You could see an ogre, an orc priest and an orc.

Vanquished Creatures
  Eustachio (D:5)
  A black bear (D:6)
  A sky beast (D:5)
  A phantom (D:5)
  A centaur (D:5)
  2 ogres
  2 scorpions (D:4)
  The ghost of MuCj the Gusty, a weakling GnAE of Sif Muna (D:3)
  A hound (D:6)
  3 jellies (D:5)
  5 orc priests
  Crazy Yiuf (D:3)
  4 worker ants
  A hound skeleton (D:4)
  4 gnolls
  7 adders
  A shadow imp (D:6)
  An ooze (D:4)
  An adder skeleton (D:4)
  6 worms
  2 dart slugs
  A leopard gecko (D:5)
  22 orcs
  4 giant cockroaches
  12 goblins
  4 hobgoblins
  10 jackals
  2 quokkas
  A ball python (D:1)
  9 bats
  2 frilled lizards (D:2)
  5 kobolds
  A quokka skeleton (D:5)
  5 rats
  2 fungi (D:3)
127 creatures vanquished.

Notes
Turn   | Place    | Note
-------+----------+-------------------------------------------
     0 | D:1      | Mopster the Minotaur Berserker began the quest for the Orb.
     0 | D:1      | Reached XP level 1. HP: 19/19 MP: 0/0
    86 | D:1      | Reached XP level 2. HP: 9/27 MP: 1/1
   606 | D:1      | Reached XP level 3. HP: 34/34 MP: 2/2
  1097 | D:2      | Found a hazy altar of Hepliaklqana.
  1321 | D:2      | Reached ** piety under Trog
  1434 | D:2      | Reached XP level 4. HP: 41/41 MP: 3/3
  1646 | D:3      | Reached skill level 5 in Fighting
  1767 | D:3      | Found an iron altar of Okawaru.
  1768 | D:3      | Found an ornate altar of the Wu Jian Council.
  1769 | D:3      | Found a stormy altar of Qazlal.
  1771 | D:3      | Found a glowing silver altar of Zin.
  1902 | D:3      | Reached XP level 5. HP: 30/48 MP: 4/4
  1926 | D:3      | Found a runed translucent door.
  1927 | D:3      | Noticed Crazy Yiuf
  2016 | D:3      | Killed Crazy Yiuf
  2342 | D:3      | Found a shimmering altar of Xom.
  2342 | D:3      | Found a radiant altar of Vehumet.
  2615 | D:3      | Identified the cursed +0 scale mail of the Gusle {rElec
                  | rPois Stlth+}
  2617 | D:3      | Noticed MuCj's ghost (weakling GnAE)
  2618 | D:3      | Found a runed translucent gate.
  2618 | D:3      | Found a runed translucent gate.
  2618 | D:3      | Found a runed translucent gate.
  2619 | D:3      | Found a roughly hewn altar of Beogh.
  2633 | D:3      | Reached XP level 6. HP: 56/56 MP: 5/5
  2643 | D:3      | Killed MuCj's ghost
  2643 | D:3      | Reached skill level 5 in Axes
  3158 | D:4      | Reached *** piety under Trog
  3428 | D:4      | Reached XP level 7. HP: 54/62 MP: 6/6
  3718 | D:5      | Entered Level 5 of the Dungeon
  3721 | D:5      | Reached skill level 5 in Armour
  3760 | D:5      | Found a staircase to the Ecumenical Temple.
  3771 | D:5      | Noticed Eustachio
  3777 | D:5      | Killed Eustachio
  3847 | D:5      | Found a white marble altar of Elyvilon.
  4074 | D:5      | Reached XP level 8. HP: 69/71 MP: 7/7
  4451 | D:5      | Reached skill level 5 in Dodging
  4831 | D:6      | Found a burning altar of Makhleb.
  5011 | D:6      | Killed from afar by an orc priest

Illustrated notes

Levels and vault maps discovered:
D:1:      dpeg_arrival_three_same_balls, layout_basic
D:2:      layout_loops_ring, lemuel_doored_altar, minmay_pentomino_x2
D:3:      layout_basic, grunt_temple_overflow_open,
          gammafunk_temple_overflow_statue, biasface_ghost_orc_armoury,
          corexii_leaking_fountain, uniq_crazy_yiuf_cottage
D:4:      layout_basic, first_ration
D:5:      layout_loops_ring, temple_statues, basic_altar, minmay_ogre_servants,
          uniq_eustachio
D:6:      layout_basic, makhleb_heckhound_becter

Skill      XL: |  1  2  3  4  5  6  7  8 |
---------------+-------------------------+-----
Fighting       | 4 5 6 |  6.9
Axes           | 4 5 7 |  7.8
Dodging        | 3 4 5 |  5.3
Armour         | 3 4 6 7 |  7.0
Stealth        | |  0.8

Action                   |  1- 3 |  4- 6 |  7- 9 || total
-------------------------+-------+-------+-------++-------
Melee: Hand axe          |    84 |   140 |    18 ||   242
       Headbutt          |    13 |    34 |    22 ||    69
       Battleaxe         |       |       |    57 ||    57
Invok: Berserk           |     1 |     4 |     3 ||     8
  Use: Scroll            |     6 |     4 |     1 ||    11
  Eat: Chunk             |     1 |     4 |     4 ||     9
       Ration            |     1 |     2 |       ||     3
Armor: Animal skin       |     1 |       |       ||     1
       Ring mail         |    20 |       |       ||    20
       Scale mail        |     4 |       |       ||     4
       Chain mail        |       |    40 |     3 ||    43
       Plate armour      |       |       |    33 ||    33
Dodge: Dodged            |    55 |    65 |    61 ||   181
